[Event "24th Hoogeschool Zeeland 2022"]
[Site "Vlissingen"]
[Date "2022.08.09"]
[Round "5.7"]
[White "Vrolijk, Liam"]
[Black "Sorbe, Stephane"]
[Result "1-0"]
[ECO "A11"]
[WhiteElo "2464"]
[BlackElo "2352"]
[Annotator "TA"]
[PlyCount "129"]
[EventDate "2022.08.05"]
[EventType "swiss"]
[EventCountry "NED"]
[SourceTitle "playchess.com"]
[Source "ChessBase"]
[SourceQuality "1"]
[TimeControl "40/5400+30:1800+30"]

1. Nf3 d5 2. g3 Nf6 3. Bg2 c6 4. O-O Bf5 5. d3 e6 6. c4 Be7 7. Qb3 $1 {[%emt 0:01:16][%mdl 4] is now more promising than 7.Be3. A11: English Opening: 1...c6.} Qb6 8. Be3 Qxb3 9. axb3 {[%emt 0:00:09] The position is equal.} a6 10. Bd2 Nbd7 11. Bc3 O-O 12. Nbd2 {[%emt 0:01:55] [#]} c5 $146 ({Predecessor:} 12... h6 13. b4 dxc4 14. dxc4 Nb6 15. Nd4 Bg6 16. N4b3 Rfd8 17. Na5 Rd7 18. Ndb3 Rad8 {1-0 (64) Grigorov,G (2509)-Saez Coma,A (2202) Chess.com INT 2021}) 13. d4 (13. e4 $5 dxe4 14. Nh4 $14) 13... Ne4 14. cxd5 exd5 15. dxc5 Bxc5 (15... Ndxc5 $11 16. Nd4 Nxc3) 16. b4 {[%emt 0:05:06] Strongly threatening Nxe4.} Bb6 17. Nxe4 Bxe4 18. Rfd1 Nf6 19. Bd4 Bxd4 20. Nxd4 Bxg2 21. Kxg2 g6 22. Ra5 Rfc8 23. b3 Rab8 24. b5 {[%emt 0:04:00] White is more active.} axb5 25. Rxb5 b6 26. Ra1 Rc5 27. Ra6 Rxb5 28. Nxb5 $14 {[%emt 0:02:55][%mdl 4096] Endgame KRN-KRN} Ne4 29. Ra7 Rc8 30. f3 Nc5 31. b4 Ne6 {[%emt 0:00:18] [#]} (31... Nb3 $142) 32. Rxf7 $3 $16 Rc4 33. Re7 Rxb4 {[%emt 0:01:20] [#]} (33... Nd4 $16) 34. Nc3 $1 $18 ({But not} 34. Rxe6 $6 Rxb5 35. Rd6 Kf7 $16) 34... Nd4 35. Nxd5 Rb2 36. Kf2 b5 37. Re4 (37. Nf6+ $18 Kf8 38. Re4 (38. Rxh7 Rxe2+ 39. Kf1 Rc2 $11)) 37... Nc2 (37... Nc6 $16 {was worth a try.} 38. Ne7+ Nxe7) 38. Ne3 (38. Re8+ $18 Kg7 39. Re7+ Kg8 40. Rd7) 38... Na3 (38... Nxe3 $16 {is a better defense.} 39. Rxe3 (39. Kxe3 Kf7 $16) 39... Kf7) 39. Rd4 b4 40. Nc4 Rc2 41. Na5 ({White should try} 41. Rd8+ $18 Kg7 42. Rd7+ Kg8 43. Nd2) 41... Nb5 $16 42. Rxb4 Nc3 43. Rb8+ Kf7 44. Rb7+ Kf6 (44... Kf8 $16) 45. Rxh7 $18 Rxe2+ 46. Kf1 Ra2 47. Nc4 Nb5 48. Ke1 Nd4 49. Nd2 Ke6 {[%emt 0:02:03] Against Rd7} 50. Rb7 g5 51. Rb8 (51. Rb6+ $18 Ke7 52. Rg6) 51... Ke5 (51... Ra3 $16) 52. Re8+ Kf6 53. Re4 Nf5 54. Ke2 Ra1 55. Rb4 Ra2 56. Kd3 Ra3+ 57. Rb3 Ra6 58. Nc4 {[%emt 0:01:14] Inhibits Rd6+.} Ra2 59. Rb2 Ra8 60. Rb6+ Kg7 61. Ne5 {[%emt 0:01:24] Rg6+ is the strong threat.} Ne7 {[%emt 0:00:08] Prevents Rg6+.} (61... Rd8+ $142 62. Ke2 Rd5) 62. Re6 Ra3+ 63. Ke2 Ra7 64. Kf2 Kh7 (64... Ra2+ {was called for.} 65. Kf1 Kf8) 65. Nf7 {[%emt 0:00:44] Weighted Error Value: White=0.10 (very precise) /Black=0.17 (very precise)} 1-0

[Event "24th Hoogeschool Zeeland 2022"]
[Site "Vlissingen"]
[Date "2022.08.09"]
[Round "5.8"]
[White "Grutter, Tim"]
[Black "Van Delft, Merijn"]
[Result "1-0"]
[ECO "B91"]
[WhiteElo "2246"]
[BlackElo "2383"]
[Annotator "TA"]
[PlyCount "81"]
[EventDate "2022.08.05"]
[EventType "swiss"]
[EventCountry "NED"]
[SourceTitle "playchess.com"]
[Source "ChessBase"]
[SourceQuality "1"]
[TimeControl "40/5400+30:1800+30"]

1. e4 c5 2. Nf3 d6 3. d4 cxd4 4. Nxd4 Nf6 5. Nc3 a6 6. g3 e5 7. Nb3 Be7 8. Bg2 O-O 9. O-O a5 {[%emt 0:00:45] B91: Sicilian Najdorf: 6 g3.} 10. a4 {[%emt 0:04:59] [#]} Bg4 $146 ({Predecessor:} 10... Na6 11. Nb5 Bg4 12. Qd2 Nb4 13. c3 Nc6 14. Qd3 Be6 15. Nd2 Rc8 16. Rd1 Nd7 {1-0 (40) Smirin,I (2595)-Kraus,O (2311) Israel 2021}) 11. Bf3 Be6 {[%emt 0:00:17] The position is equal.} 12. Re1 Na6 13. Nd2 Nb4 14. Nf1 Rc8 15. Ne3 Re8 16. Bg2 Bf8 17. Re2 Qb6 18. Ncd5 (18. Nb5 $16) 18... Nfxd5 $11 19. exd5 Bd7 20. b3 $1 Qd4 21. Ba3 b5 (21... Qxd1+ $11 {remains equal.} 22. Rxd1 g6) 22. axb5 $16 {[%emt 0:04:16] Black must now prevent c4.} Bxb5 23. c4 Bd7 24. Bxb4 axb4 25. Rea2 {[%emt 0:00:51] Inhibits Ra8.} Qb6 26. Ra7 Rc7 27. Rxc7 (27. R7a6 $5 Qb8 28. R1a5 $16) 27... Qxc7 28. Qd2 Rb8 29. Ra6 g6 30. Qa2 $36 {[%emt 0:01:48][%mdl 2048] White has some pressure.} f5 31. Ra7 Rb7 32. Rxb7 Qxb7 33. Qa5 Bh6 (33... f4 $11 34. Nc2 Bg4) 34. Nc2 ({Resist} 34. Qd8+ $6 Bf8 $14) ({White should try} 34. c5 $1 $16 dxc5 35. d6) 34... Bd2 $2 {[%emt 0:00:54][%mdl 8192] [#] Black cannot hold the game after this.} ({Black should play} 34... Kf7 $14) 35. c5 $1 $18 dxc5 $2 (35... Qc8 36. c6 f4 37. cxd7 Qxd7 38. Nxb4 e4 39. Qa8+ Kg7 40. Qa1+ Kg8 41. Qa8+ Kg7) 36. Qd8+ Kf7 {[%emt 0:04:46] [#]} 37. d6 $1 e4 38. Qe7+ Kg8 39. Bf1 {[%emt 0:00:09] Intending Bc4+ and mate.} Bc3 40. Bc4+ Kh8 41. Qf8# {[%emt 0:30:54] Weighted Error Value: White=0.11 (very precise) /Black=0.66} 1-0

[Event "24th Hoogeschool Zeeland 2022"]
[Site "Vlissingen"]
[Date "2022.08.09"]
[Round "5.9"]
[White "Harsha Bharathakoti"]
[Black "Duchene, Rene"]
[Result "1-0"]
[ECO "C12"]
[WhiteElo "2547"]
[BlackElo "2137"]
[Annotator "TA"]
[PlyCount "27"]
[EventDate "2022.08.05"]
[EventType "swiss"]
[EventCountry "NED"]
[SourceTitle "playchess.com"]
[Source "ChessBase"]
[SourceQuality "1"]
[TimeControl "40/5400+30:1800+30"]

1. e4 e6 2. d4 d5 3. Nc3 Nf6 4. Bg5 Bb4 5. e5 h6 6. Bd2 Bxc3 7. bxc3 Ne4 8. Bc1 $1 {[%emt 0:00:03][%mdl 4] is currently scoring better than 8.Qg4.} c5 9. Qg4 Kf8 {[%emt 0:12:51] Threatens to win with ...Qa5.} 10. Ne2 {[%emt 0:10:13] C12: French: Classical System: McCutcheon Variation.} h5 (10... cxd4 $15 {stays ahead.} 11. f3 Nxc3) 11. Qf4 $16 {[%emt 0:03:23] [#] Hoping for f3.} Qa5 $146 {[%emt 0:04:08] [#]} ({Predecessor:} 11... cxd4 12. cxd4 Qa5+ 13. c3 b5 14. f3 Nxc3 15. Bd2 b4 16. Rc1 Nc6 17. Nxc3 bxc3 18. Rxc3 Qb6 {1-0 (39) Polivanov,A (2349)-Kagramanianz,V (2305) Sudak 2002}) 12. f3 $1 Nxc3 {[%emt 0:00:56] [#]} (12... g5 $16 13. Qe3 cxd4 14. Qxd4 (14. Nxd4 Qxc3+ 15. Qxc3 Nxc3 $14) 14... Nc6) 13. Qd2 $1 $18 cxd4 14. Nxd4 {[%emt 0:00:04] Black got outplayed after the opening.  Weighted Error Value: White=0.01 (flawless) /Black=0.69} 1-0

[Event "24th Hoogeschool Zeeland 2022"]
[Site "Vlissingen"]
[Date "2022.08.09"]
[Round "5.10"]
[White "Wilgenhof, Otto"]
[Black "Leenhouts, Koen"]
[Result "0-1"]
[ECO "D90"]
[WhiteElo "2170"]
[BlackElo "2442"]
[Annotator "TA"]
[PlyCount "74"]
[EventDate "2022.08.05"]
[EventType "swiss"]
[EventCountry "NED"]
[SourceTitle "playchess.com"]
[Source "ChessBase"]
[SourceQuality "1"]
[TimeControl "40/5400+30:1800+30"]

1. d4 Nf6 2. Nf3 g6 3. c4 Bg7 4. Nc3 d5 5. cxd5 Nxd5 6. Qb3 Nxc3 7. bxc3 c5 {[%emt 0:04:49] D90: Grünfeld: 4 Nf3 Bg7 sidelines.} 8. e4 cxd4 9. cxd4 Nc6 {[%emt 0:00:58] [#] Black has an edge.} 10. Rb1 $146 ({Predecessor:} 10. Bb2 O-O 11. Rd1 Qa5+ 12. Bc3 Qc7 13. Be2 Bg4 14. O-O Rac8 15. Ba1 e6 16. h3 Bxf3 17. Bxf3 {0-1 (44) Kanyingi,J (2132)-Olson,T Seattle 2015}) 10... O-O 11. d5 Na5 12. Qa3 f5 13. Bd2 b6 14. Bxa5 bxa5 15. Bc4 Qd6 (15... fxe4 {seems wilder.} 16. d6+ e6 17. Nd2 Qg5) 16. Qxd6 exd6 17. e5 dxe5 (17... Bd7 $11) 18. d6+ $18 Kh8 19. Ng5 (19. Bd5 $18) 19... Bf6 $14 20. Bd5 Ba6 21. Bxa8 $16 {[%emt 0:01:16][%cal Og5e6] Strongly threatening Ne6!} Rxa8 {[%emt 0:02:36] [#]} 22. Ne6 (22. h4 $1 $18) 22... Bc4 23. Nc7 (23. Nc5 $16) 23... Rd8 $36 {[%emt 0:00:37][%mdl 2048] White is under pressure.} 24. Rc1 Bxa2 25. O-O e4 ({Much less strong is} 25... Rxd6 26. Ne8 Rb6 27. Nxf6 Rxf6 28. Rc8+ Kg7 29. Rc7+ Bf7 30. Rxa7 $16) 26. Rc6 a4 27. Nb5 (27. d7 $11 {remains equal.} Rxd7 28. Rxf6 Rxc7 29. Ra1) 27... Bd5 $17 28. Rc7 (28. Rc5 $17 Be6 29. Rd1) 28... a6 $19 29. Nc3 Bb3 ({Worse is} 29... Rxd6 30. Nxa4 Bg8 31. Rb1 $15) 30. d7 {[%emt 0:02:08] [#]} Kg7 $1 31. Rc1 (31. h3 $142) 31... a3 32. Rb7 Bc4 33. Rb4 Bf7 {[%emt 0:01:02] A strong pair of Bishops.} 34. Ra4 Bxc3 35. Rxc3 Rxd7 36. Rc1 {[%emt 0:00:45] Against Rd1+} (36. Kf1 $17) 36... a2 {[%emt 0:00:07] And now ...Rb7 would win.} 37. Rxa6 Rb7 {[%emt 0:00:19] Against Rb6. Quite a comeback for Black.  Weighted Error Value: White=0.52/Black=0.18 (very precise)} 0-1

[Event "24th Hoogeschool Zeeland 2022"]
[Site "Vlissingen"]
[Date "2022.08.09"]
[Round "5.11"]
[White "Bui, Bao Anh Le"]
[Black "Dhulipalla Bala Chandra Prasad"]
[Result "1/2-1/2"]
[ECO "C55"]
[WhiteElo "2109"]
[BlackElo "2423"]
[Annotator "TA"]
[PlyCount "42"]
[EventDate "2022.08.05"]
[EventType "swiss"]
[EventCountry "NED"]
[SourceTitle "playchess.com"]
[Source "ChessBase"]
[SourceQuality "1"]
[TimeControl "40/5400+30:1800+30"]

1. e4 e5 2. Nf3 Nc6 3. Bc4 Nf6 4. d3 Be7 5. O-O O-O 6. Nc3 d6 7. a4 {[%emt 0:01:10] 7.a3 is the modern continuation. C55: Two Knights: 4 d3, 4 d4 exd4 5 e5 and Max Lange Attack.} Bg4 8. h3 Bxf3 9. Qxf3 {[%emt 0:00:48] The position is equal.} Nd4 10. Qd1 c6 11. Ne2 {[%emt 0:19:07] [#]} d5 $146 ({Predecessor:} 11... Ne6 12. Ng3 d5 13. Ba2 g6 14. c3 Qd6 15. Bh6 Rfe8 16. Re1 Rad8 17. Qf3 Bf8 {½-½ (27) Marquardt,G (2250)-Klewe,W (2254) ICCF email 2019}) 12. Nxd4 exd4 13. exd5 Nxd5 14. Qf3 Bb4 15. Qg4 Nb6 (15... Nf6 $5 16. Qh4 h6 $11) 16. Bb3 a5 17. Bf4 {[%emt 0:06:59] Threatening Be5.} Qf6 {[%emt 0:04:18][%cal Oh7h5] Against Be5} 18. Bg5 Qd6 19. Bf4 Qd7 20. Be5 {[%emt 0:03:29][%csl Ge5][%cal Rg4g7] [#]} Qxg4 21. hxg4 Bc5 $1 {[%emt 0:00:14] Weighted Error Value: White=0.06 (flawless) /Black=0.05 (flawless)} 1/2-1/2

[Event "24th Hoogeschool Zeeland 2022"]
[Site "Vlissingen"]
[Date "2022.08.09"]
[Round "5.12"]
[White "Pham, Khoi"]
[Black "Zevenhuizen, Daniel"]
[Result "1-0"]
[ECO "B07"]
[WhiteElo "2317"]
[BlackElo "2168"]
[Annotator "TA"]
[PlyCount "95"]
[EventDate "2022.08.05"]
[EventType "swiss"]
[EventCountry "NED"]
[SourceTitle "playchess.com"]
[Source "ChessBase"]
[SourceQuality "1"]
[TimeControl "40/5400+30:1800+30"]

1. e4 d6 2. d4 Nf6 3. Nc3 g6 4. Bg5 Bg7 5. Qd2 O-O 6. O-O-O c6 7. h4 b5 8. f3 Nbd7 {[%emt 0:10:23] B07: Pirc Defence: Miscellaneous Systems.} (8... h5 $14) 9. h5 {[%emt 0:14:25] [#]} e5 $146 (9... Nxh5 $142 10. Nce2 Nb6) ({Predecessor:} 9... Nb6 10. Bh6 Qc7 11. Bxg7 Kxg7 12. hxg6 fxg6 13. Nge2 Be6 14. d5 cxd5 15. Nf4 Bf7 16. exd5 {1-0 (25) Oehrlein,T (2163)-Plakidine,A (1956) Bayern 2005}) 10. hxg6 $16 fxg6 {[%emt 0:00:46] White is clearly better.} 11. dxe5 {[%emt 0:04:03] White is more active.} (11. d5 $16 cxd5 12. Nxd5) 11... Nxe5 $14 12. Qxd6 Qxd6 13. Rxd6 b4 14. Bxf6 Bxf6 15. Na4 Be7 16. Rd1 Be6 17. b3 Rad8 18. Bd3 (18. Rxd8 $16 Rxd8 19. f4) 18... c5 19. Nb2 {[%emt 0:01:52] Against c4} a5 20. Ne2 a4 21. Nc4 (21. Bb5 $14) 21... Nxd3+ $11 22. Rxd3 axb3 23. axb3 Ra8 24. Kd2 (24. Rhd1 $1 $11 {is more appropriate.}) 24... Ra2 (24... Bxc4 $15 25. bxc4 Bg5+ 26. f4 Bxf4+ 27. Nxf4 Rxf4) 25. g3 $16 Rb8 26. Nc1 Ra1 27. Rd1 Kg7 28. Ke3 h5 29. Ne2 Ra2 30. R1d2 h4 ({Black should play} 30... Bg5+ 31. Nf4 (31. f4 Be7 $16) 31... Bxc4 32. bxc4 Rf8) 31. gxh4 Bxh4 {[%emt 0:00:01] [#]} (31... Bxc4 $16 {was called for.} 32. bxc4 Ra3) 32. f4 (32. Ne5 $1 $18) 32... Re8 ({Black should try} 32... Rh8 $14) 33. Kf3 (33. Ng1 $142) 33... Ra7 34. Rd6 Rae7 (34... Bxc4 $16 35. bxc4 Ra3+ 36. R2d3 Rxd3+ 37. Rxd3 Kf7 38. Rd7+ Re7) 35. Ne5 $18 g5 36. Nc6 {[%emt 0:00:54] Pair of Knights!} g4+ 37. Kg2 $2 (37. Ke3 $18 {is the precise move to win.}) 37... Rc7 (37... Bf5 $16 {is a better defense.}) 38. f5 $2 (38. Ng3 $18 {and White stays clearly on top.}) 38... Bc8 (38... Bf7 $16) 39. Rg6+ Kf7 $2 (39... Kf8) 40. Rxg4 Bf6 {[%emt 0:00:32] [#]} 41. Na5 ({Weaker is} 41. Rd6 Rd7 42. Rxf6+ Kxf6 $16) 41... Rg8 (41... Ba6 {keeps fighting.} 42. Kf3 Bb5) 42. Rxg8 {[%emt 0:00:00] White is clearly winning.} Kxg8 43. Kf3 Rh7 44. Nf4 {[%emt 0:00:00] Against Rh3+} Kf7 (44... Rh1 $142 45. Nd5 Bh4 46. Rg2+ Kf8) 45. Nc4 {[%emt 0:00:00] Nd6+ is the strong threat.} Be7 46. Nd6+ Bxd6 47. Rxd6 Rh2 48. Rc6 {[%emt 0:00:00][%csl LRc5,LRc8] Weighted Error Value: White=0.28 (precise) /Black=0.43} 1-0

[Event "24th Hoogeschool Zeeland 2022"]
[Site "Vlissingen"]
[Date "2022.08.09"]
[Round "5.13"]
[White "Seul, Georg"]
[Black "Kools, Thomas"]
[Result "1/2-1/2"]
[ECO "B43"]
[WhiteElo "2367"]
[BlackElo "2135"]
[Annotator "TA"]
[PlyCount "126"]
[EventDate "2022.08.05"]
[EventType "swiss"]
[EventCountry "NED"]
[SourceTitle "playchess.com"]
[Source "ChessBase"]
[SourceQuality "1"]
[TimeControl "40/5400+30:1800+30"]

1. e4 c5 2. Nf3 e6 3. Nc3 a6 4. g3 b5 5. Bg2 Bb7 6. d4 cxd4 7. Nxd4 Nf6 8. a3 Qc7 9. O-O d6 10. Re1 {[%emt 0:00:07][%cal Oc3d5] Black should prevent Nd5! B43: Sicilian: Kan Variation: 5 Nc3.} Be7 11. a4 bxa4 12. Rxa4 {[%emt 0:00:39] Rb4 is the strong threat. White is slightly better.} Nbd7 13. Nb3 Rb8 {[%emt 0:04:30] [#]} 14. Qe2 $146 ({Predecessor:} 14. Bf1 Nb6 15. Ra1 Ra8 16. Na5 Bc8 17. Be3 O-O 18. h3 Rd8 19. Qe2 Rb8 20. Bg2 {½-½ (65) Chebotarev,O (2430)-Iljin,A (2472) Samara 2004}) 14... O-O 15. Rc4 Qd8 16. Be3 Re8 17. Rd1 Ne5 18. Ra4 (18. Rb4 {with more complications.} d5 19. Nc5 Bc6 20. Rxb8 Qxb8 21. exd5 exd5 22. Nxd5 Nxd5 23. Bxd5 Bb5 24. c4) 18... Qc7 19. h3 (19. f4 {is more complex.} Neg4 20. Ba7 Rbc8 21. h3) 19... Bf8 20. f4 Nc6 21. Qf2 Nd7 {[%emt 0:02:32] Inhibits Bb6.} 22. Kh2 Bc8 23. Bf1 Nb6 24. Raa1 Nb4 25. Na5 Rd8 ({Better is} 25... Nc6 $11) 26. Rd2 $14 Be7 27. Rad1 h6 28. Ra1 d5 29. e5 Nc4 (29... Nc6 $11) 30. Nxc4 $16 dxc4 31. Rxd8+ Bxd8 32. Bc5 {[%emt 0:01:11] And now Bd6 would win.} Qc6 (32... Nxc2 $2 33. Bd6 Qb6 34. Qxc2 $18) (32... Nd5 $16) 33. Bg2 $1 $18 ({Don't play} 33. Bxc4 $6 Bb7 $16) 33... Qe8 (33... Nd5 {keeps fighting.} 34. Nxd5 exd5) 34. Ba7 Rb7 35. Bxb7 Bxb7 36. Bc5 a5 37. Rd1 Bc7 $2 (37... Nd5 {was worth a try.} 38. Ne4 Bc7) 38. Bb6 Qc6 39. Bxc7 Qxc7 40. Nb5 Qc6 41. Nd6 Ba8 42. Nxc4 Qe4 $2 (42... Qxc4 43. Rd8+ Kh7) 43. Nxa5 Kh7 44. Re1 Qd5 45. Nb3 g6 (45... Nd3 $142 46. cxd3 Qxb3) 46. Nc5 Kg7 47. c3 Nc6 48. Ne4 Ne7 49. Qd2 {[%emt 0:04:46] Inhibits Qd3.} Qc6 50. Qd8 Qb7 51. b4 Qa7 52. Qa5 Qb7 53. Ra1 $2 Qxe4 $16 54. Qxa8 {[%emt 0:00:03][%mdl 4096] Endgame KQR-KQN} Nd5 {[%emt 0:00:00] [#]} (54... Qc2+ $16 55. Qg2 Qxc3) 55. Qa2 $1 $18 {[%emt 0:00:33] Strongly threatening Qd2.} Nxc3 56. Qd2 Nd5 57. b5 h5 58. h4 (58. Rf1 $18) 58... Ne3 $16 {[%emt 0:00:00] [#]} 59. b6 (59. Kg1 $1 $16 {Threatens to win with Re1.} Ng4 60. Rf1) 59... Qf3 $11 {[%emt 0:00:00] The position is equal.} 60. Rg1 Ng4+ 61. Kh3 Nf2+ 62. Kh2 Ng4+ 63. Kh3 Nf2+ {[%emt 0:00:00] Weighted Error Value: White=0.10 (very precise) /Black=0.36} 1/2-1/2

[Event "24th Hoogeschool Zeeland 2022"]
[Site "Vlissingen"]
[Date "2022.08.09"]
[Round "5.15"]
[White "Van der Hagen, Loek"]
[Black "Ollenberger, Roland"]
[Result "0-1"]
[ECO "E24"]
[WhiteElo "2135"]
[BlackElo "2264"]
[Annotator "TA"]
[PlyCount "86"]
[EventDate "2022.08.05"]
[EventType "swiss"]
[EventCountry "NED"]
[SourceTitle "playchess.com"]
[Source "ChessBase"]
[SourceQuality "1"]
[TimeControl "40/5400+30:1800+30"]

1. d4 Nf6 2. c4 e6 3. Nc3 Bb4 4. a3 Bxc3+ 5. bxc3 b6 6. f3 d6 7. e4 {[%emt 0:00:16] E24: Nimzo-Indian: Sämisch: Unusual Black 5th moves and 5...c5 sidelines.} Nbd7 (7... Nc6 $11) 8. Bd3 $14 c5 9. Ne2 {[%emt 0:01:46] [#] White is slightly better.} Qe7 $146 ({Predecessor:} 9... Ba6 10. O-O cxd4 11. cxd4 Qc7 12. Qa4 Bb7 13. Ng3 h5 14. Re1 h4 15. Nh1 e5 {0-1 (70) Balaji,A (2206)-Jakubowski,K (2497) Chess.com INT 2021}) 10. O-O h6 11. f4 {[%emt 0:01:12] Hoping for e5.} Bb7 12. Ng3 {[%emt 0:06:24] Threatens to win with e5.} O-O-O 13. a4 h5 14. e5 ({White should play} 14. Qe2 $16) 14... Ne8 $2 (14... dxe5 $11 15. fxe5 Ng4) 15. Qe2 $1 $18 f6 16. exd6 ({Worse is} 16. Nxh5 cxd4 17. exf6 (17. cxd4 fxe5 18. dxe5 dxe5 $11) 17... Qf7 18. fxg7 Nxg7 $11) 16... Nxd6 17. d5 Rde8 {[%emt 0:03:45] [#]} 18. Bg6 (18. Re1 $1 $16) 18... exd5 $11 19. Bxe8 Qxe8 20. Qxe8+ Rxe8 21. Nxh5 g6 $36 {[%emt 0:00:21][%mdl 2048] Black fights for an advantage.} 22. Ng3 Nxc4 23. f5 (23. Kf2 $11) 23... g5 $15 {[%emt 0:00:32][%mdl 1024] Black has compensation.} 24. Ra2 Ba6 25. Rd1 Nd6 26. Kf2 Bc4 {[%emt 0:00:36] Black is more active.} 27. Rad2 (27. Ra1 $17) 27... Kc7 28. h3 Kc6 (28... Ne5 $19 29. Ba3 Kc6) 29. Re1 (29. Rb2 $17 {keeps fighting.}) 29... Ne5 30. Nh5 {[%emt 0:06:01] [#]} (30. Re3 {was worth a try.}) 30... Ne4+ $1 $19 ({Weaker is} 30... Nxf5 31. Nxf6 Re6 32. Ng4 Nxg4+ 33. hxg4 Rxe1 34. Kxe1 $11) 31. Rxe4 dxe4 32. Nxf6 Rf8 (32... e3+ $142 33. Kxe3 Ng4+ 34. Kf3 Nxf6) 33. Nxe4 Nd3+ ({Stronger than} 33... Rxf5+ 34. Kg3 $17) 34. Rxd3 Bxd3 35. Nxg5 Rxf5+ {[%emt 0:01:54][%mdl 4096] Endgame KRB-KBN} 36. Kg3 $2 (36. Nf3 {was the only defense.}) 36... Bc2 37. h4 Bxa4 38. h5 Bc2 39. Bf4 (39. c4 $142) 39... a5 40. h6 a4 41. c4 {[%emt 0:03:07] [#]} Rxf4 $1 42. Kxf4 a3 {[%emt 0:01:51] ( -> ...a2)} 43. Ne4 Bxe4 {[%emt 0:00:19] Black used his chance.  Weighted Error Value: White=0.82/Black=0.28 (precise)} 0-1

[Event "24th Hoogeschool Zeeland 2022"]
[Site "Vlissingen"]
[Date "2022.08.09"]
[Round "5.16"]
[White "Zwirs, Jasper"]
[Black "Laux, Dominik"]
[Result "1/2-1/2"]
[ECO "B90"]
[WhiteElo "2105"]
[BlackElo "2320"]
[Annotator "TA"]
[PlyCount "37"]
[EventDate "2022.08.05"]
[EventType "swiss"]
[EventCountry "NED"]
[SourceTitle "playchess.com"]
[Source "ChessBase"]
[SourceQuality "1"]
[TimeControl "40/5400+30:1800+30"]

1. e4 c5 2. Nf3 d6 3. d4 cxd4 4. Nxd4 Nf6 5. Nc3 a6 6. Bd3 e5 7. Nde2 Be7 8. O-O O-O 9. Ng3 {[%emt 0:00:05] B90: Sicilian Najdorf: Unusual White 6th moves, 6 Be3 Ng4 and 6 Be3 e5.} Be6 10. Nd5 Nxd5 11. exd5 {[%emt 0:00:09] The position is equal.} Bxd5 {[%emt 0:06:25] [#]} 12. Bxh7+ $1 Kxh7 13. Qxd5 Nc6 14. f4 f5 15. Be3 {[%emt 0:00:00] Inhibits Qb6.} g6 16. Rad1 {[%emt 0:00:00] [#]} Qc7 $146 (16... Qa5 $5 ) ({Predecessor:} 16... Qe8 17. Ne2 Qf7 18. Nc3 Qxd5 19. Nxd5 Bd8 20. c3 b5 21. Rd3 e4 22. Rd2 Ne7 {1-0 (51) Morozevich,A (2659)-Sirosh,I (2402) Puhajarve 2021}) 17. c3 Rac8 18. Kh1 b5 19. Qf3 {[%emt 0:00:00] Weighted Error Value: White=0.10 (very precise) /Black=0.15 (very precise)} 1/2-1/2

[Event "24th Hoogeschool Zeeland 2022"]
[Site "Vlissingen"]
[Date "2022.08.09"]
[Round "5.17"]
[White "Stillger, Bernhard"]
[Black "Gijsen, William"]
[Result "1-0"]
[ECO "D10"]
[WhiteElo "2245"]
[BlackElo "2079"]
[Annotator "RC"]
[PlyCount "101"]
[EventDate "2022.08.05"]
[EventType "swiss"]
[EventCountry "NED"]
[SourceTitle "playchess.com"]
[Source "ChessBase"]
[SourceQuality "1"]
[TimeControl "40/5400+30:1800+30"]

1. d4 d5 2. c4 c6 3. cxd5 cxd5 4. Bf4 Nc6 5. e3 Nf6 6. Nc3 a6 7. Be2 Qb6 8. a3 e6 9. h3 Bd7 10. Nf3 Rc8 11. O-O Qd8 12. Bd3 Be7 13. Na4 O-O 14. b4 Re8 15. Nc5 Bxc5 16. bxc5 b5 17. Qb1 Na5 18. Ne5 Nc4 19. Qc2 h6 20. a4 Nxe5 21. Bxe5 bxa4 22. Bxa6 Ne4 23. f3 f6 24. Bh2 Ng5 25. Bxc8 Qxc8 26. c6 Qxc6 27. Qxc6 Bxc6 28. Rfc1 Bb5 29. Rc5 Bd7 30. Rc7 Rd8 31. Ra7 Nf7 32. Rc1 e5 33. Rcc7 Be8 34. Re7 exd4 35. exd4 Kf8 36. h4 Kg8 37. Rec7 Kf8 38. Kf2 Kg8 39. g4 Kf8 40. Rc5 h5 41. Bf4 hxg4 42. fxg4 Nd6 43. Bxd6+ Rxd6 44. Rcc7 g6 45. Rh7 Kg8 46. h5 gxh5 47. gxh5 f5 48. h6 Rg6 49. Rhe7 Kf8 50. h7 Rh6 51. Rg7 1-0